 Dungeon Crawl Stone Soup version 0.30.1 (webtiles) character file.

Game seed: 6276662902222263047

3230 Labrat the Thaumaturge (level 10, -6/74 HPs)
             Began as a Human Conjurer on June 28, 2023.
             Was a Follower of Vehumet.
             Mangled by a vampire
             ... wielding a +2 vampiric halberd
              (11 damage)
             ... in a bailey on July 2, 2023.
             The game lasted 00:28:14 (11452 turns).

Labrat the Thaumaturge (Human Conjurer)            Turns: 11452, Time: 00:28:16

Health: -6/74      AC:  5    Str:  7    XL:     10   Next: 18%
Magic:  5/22       EV: 12    Int: 23    God:    Vehumet [*.....]
Gold:   371        SH:  0    Dex: 12    Spells: 19/26 levels left

rFire   . . .        m - +2 battleaxe (venom)
rCold   . . .        (shield currently unavailable)
rNeg    . . .        a - +0 robe
rPois   +            p - +1 helmet
rElec   .            G - +0 cloak
rCorr   .            (no gloves)
SInv    .            (no boots)
Will    .....        (no amulet)
Stlth   ++           j - ring of poison resistance
HPRegen 0.32/turn    (no ring)
MPRegen 0.18/turn

%: no passive effects
@: no status effects
A: no striking features
a: Renounce Religion


You were in a bailey.
You worshipped Vehumet.
Vehumet was aware of your devotion.
You visited 2 branches of the dungeon, and saw 9 of its levels.
You also visited: Bailey.

You collected 371 gold pieces.

Inventory:

Hand Weapons
 m - a +2 battleaxe of venom (weapon)
Missiles
 l - 9 poisoned darts
 y - 3 throwing nets
Armour
 a - a +0 robe (worn)
 p - a +1 helmet (worn)
 u - a +0 buckler
 G - a +0 cloak (worn)
Jewellery
 j - a ring of poison resistance (left hand)
Wands
 w - a wand of polymorph (13)
Scrolls
 d - 4 scrolls of vulnerability {unknown}
 e - a scroll of amnesia {unknown}
 g - 3 scrolls of teleportation {unknown}
 h - 3 scrolls of fog {unknown}
 i - 4 scrolls of blinking {unknown}
 k - a scroll of butterflies {unknown}
 q - a scroll of noise {unknown}
 s - 2 scrolls of brand weapon {unknown}
 v - 5 scrolls of identify {unknown}
 B - 4 scrolls of torment {unknown}
 E - 5 scrolls of poison {unknown}
Potions
 b - a potion of magic
 c - 4 potions of flight {unknown}
 f - 4 potions of invisibility {unknown}
 n - a potion of degeneration {unknown}
 o - 2 potions of ambrosia {unknown}
 r - 3 potions of mutation {unknown}
 t - a potion of attraction {unknown}
 x - 3 potions of heal wounds {unknown}
 z - 2 potions of curing {unknown}
 C - 3 potions of might {unknown}
 D - 2 potions of cancellation {unknown}
 F - a potion of brilliance {unknown}


   Skills:
 - Level 5.0 Fighting
 - Level 3.0 Armour
 - Level 3.0 Dodging
 - Level 2.0 Stealth
 - Level 1.6 Shields
 + Level 8.6 Spellcasting
 - Level 8.0 Conjurations
 - Level 3.0 Translocations


You had 19 spell levels left.
You knew the following spells:

 Your Spells              Type           Power      Damage    Failure   Level
a - Magic Dart            Conj           100%       1d8       1%          1
b - Searing Ray           Conj           92%        2d7       1%          2
c - Iskenderun's Mystic   Conj/Tloc      35%        2d8       7%          4

Your spell library contained the following spells:

 Spells                   Type           Power      Damage    Failure   Level
 Freeze                   Ice            36%        1d5       7%          1
 Dazzling Flash           Conj/Hex       56%        N/A       3%          3
 Portal Projectile        Hex/Tloc       32%        N/A       11%         3
 Fulminant Prism          Conj/Hex       14%        3d8       13%         4
 Tukima's Dance           Hex            9%         N/A       21%         3
 Blade Hands              Tmut           4%         N/A       88%         5


Dungeon Overview and Level Annotations

Branches:
Dungeon (8/15)             Temple (1/1) D:7          Bailey (1/1)
   Lair: D:8-11

Altars:
Ashenzari
Cheibriados
Dithmenos
Elyvilon
Fedhas
Hepliaklqana
Kikubaaqudgha
Makhleb
Nemelex Xobeh
Okawaru
Qazlal
Ru
Sif Muna
Trog
Uskayaw
Vehumet
Xom
Yredelemnul
Zin
The Shining One

Shops:
D:5 *   D:6 [(*(:

Annotations:
D:7 Joseph


Message History

Something hits you!
Casting: Iskenderun's Mystic Blast (dangerous; 7% risk of failure)
Confirm with . or Enter, or press ? or * to list all spells.
You erupt in a blast of force!
The mystic blast hits something.
There is a large open door here.
You close the large door.
Something unseen breaks down the large door.
You see here a +0 morningstar.
Aiming: Corrosive Bolt
Press: ? - help, Shift-Dir - straight line The bolt of acid hits something.
Something seems to be corroded for longer.
The now-empty wand crumbles to dust.
Okay, then.
Aiming: Throw Flame
Press: ? - help, Shift-Dir - straight line The puff of flame hits something.
Something hits you!
Aiming: Throw Flame
Press: ? - help, Shift-Dir - straight line The puff of flame hits something.
The now-empty wand crumbles to dust.
Something completely misses you.
Okay, then.
Throw: 4 throwing nets
Press: ? - help, Shift-Dir - straight line You throw a throwing net.
Something gets caught in the net!
Something wriggles in the net.
Something wriggles in the net.
Something wriggles in the net.
Something wriggles in the net.
Something wriggles in the net.
There is a large open door here.
You start resting.
There is a strange disturbance nearby!
You hit something but do no damage. Something barely misses you.
Something bites you.
Something draws strength from your injuries!
Something hits you!!
* * * LOW HITPOINT WARNING * * *
Something bites you!
You die...

.'...........##...##...#
.#.♣♣.........#..{.##..#
.#.......♣....##....#..#
)#.............##...#..#
)#..♣...######......#..#
.#......#....#......#..#
.)......#....#.....8#88#
###.....#.)###'{########
..####.)+..'....@.)....#
.8...#######......#....#
....8......#......######
...........'......#
...........########
.♣♣♣.....8.♣ ♣♣
♣♣♣♣...♣♣ ♣ ♣♣♣♣♣


There were no monsters in sight!

Vanquished Creatures
  A gargoyle (Bailey)
  A human (D:4)
  A water moccasin (D:6)
  2 orc warriors
  An ice beast (D:7)
  2 ogres
  2 phantoms
  3 bullfrogs (D:6)
  A gnoll sergeant (D:7)
  3 scorpions
  The ghost of SuvarnaParana the Chopper, a weakling MiBe of Trog (D:3)
  7 vampire bats (Bailey)
  5 wolf zombies (Bailey)
  3 electric eels (D:6)
  Crazy Yiuf (D:2)
  4 hounds
  2 jellies
  A human zombie (D:4)
  8 orc priests
  A human skeleton (D:4)
  2 iguanas
  6 orc wizards
  7 gnolls
  11 adders
  3 ufetubi
  A worm (D:5)
  2 dart slugs (D:5)
  28 orcs
  6 endoplasms
  2 giant cockroaches
  8 goblins
  10 hobgoblins
  3 kobolds (D:1)
  5 quokkas
  9 ball pythons
  5 bats
  2 frilled lizards
  19 orc zombies (Bailey)
  7 rats
186 creatures vanquished.

Notes
Turn   | Place    | Note
-------+----------+-------------------------------------------
     0 | D:1      | Labrat the Human Conjurer began the quest for the Orb.
     0 | D:1      | Reached XP level 1. HP: 13/13 MP: 3/3
    18 | D:1      | Found a faded altar of an unknown god.
   274 | D:1      | Reached XP level 2. HP: 19/19 MP: 1/5
   967 | D:1      | Reached XP level 3. HP: 23/24 MP: 3/6
  1170 | D:1      | Learned a level 2 spell: Searing Ray
  2095 | D:2      | Reached XP level 4. HP: 30/30 MP: 3/8
  2512 | D:2      | Found a runed translucent door.
  2513 | D:2      | Noticed Crazy Yiuf
  2656 | D:3      | Noticed an ogre
  3069 | D:3      | Killed an ogre
  3070 | D:3      | Reached skill level 5 in Conjurations
  3070 | D:3      | Reached XP level 5. HP: 16/35 MP: 1/10
  3192 | D:3      | Noticed SuvarnaParana's ghost (weakling MiBe)
  3232 | D:3      | Found a transporter.
  3235 | D:3      | Found a transporter.
  3377 | D:3      | Found a hide-covered altar of Uskayaw.
  3564 | D:4      | Reached XP level 6. HP: 37/41 MP: 1/12
  4088 | D:4      | Reached XP level 7. HP: 44/46 MP: 2/14
  4357 | D:4      | Found a runed translucent door.
  4357 | D:4      | Noticed a human
  4371 | D:4      | Reached skill level 5 in Spellcasting
  4372 | D:4      | Found a basalt altar of Yredelemnul.
  4873 | D:5      | Entered Level 5 of the Dungeon
  4946 | D:5      | Found Zin's Purification Station.
  4956 | D:5      | Found a glowing silver altar of Zin.
  5372 | D:5      | Reached skill level 1 in Fighting
  5408 | D:5      | Found a shimmering blue altar of Sif Muna.
  5592 | D:5      | Reached XP level 8. HP: 36/57 MP: 11/17
  5724 | D:5      | Found a snail-covered altar of Cheibriados.
  6040 | D:5      | Found a sacrificial altar of Ru.
  6909 | D:6      | Found Pybbalim's Assorted Antiques.
  6994 | D:6      | Reached skill level 5 in Fighting
  6999 | D:6      | Learned a level 4 spell: Iskenderun's Mystic Blast
  7015 | D:6      | Reached skill level 1 in Armour
  7058 | D:6      | Found Foquh's Book Emporium.
  7227 | D:6      | Found Wiulusum's Antique Armour Boutique.
  7247 | D:6      | Found Ahuotwi's Weapon Emporium.
  7281 | D:6      | Reached skill level 1 in Translocations
  7486 | D:6      | Found Uruampi Sawk's Antique Weapon Boutique.
  7545 | D:6      | Reached XP level 9. HP: 39/68 MP: 13/18
  7862 | D:2      | Killed Crazy Yiuf
  8103 | D:3      | Killed SuvarnaParana's ghost
  8529 | D:7      | Upgraded the game from 0.30.0-30-g96aa6591b8 to 0.30.1
  9521 | D:7      | Noticed Joseph
  9846 | D:7      | Found a shimmering altar of Xom.
  9944 | D:7      | Found a staircase to the Ecumenical Temple.
  9950 | Temple   | Entered the Ecumenical Temple
 10154 | Temple   | Became a worshipper of Vehumet
 10295 | D:8      | Found a bloodstained altar of Trog.
 10307 | D:8      | Found a flagged portal.
 10322 | Bailey   | Entered a bailey
 11052 | Bailey   | Reached * piety under Vehumet
 11052 | Bailey   | Offered knowledge of Freeze by Vehumet.
 11054 | Bailey   | Reached XP level 10. HP: 66/74 MP: 16/21
 11058 | Bailey   | Reached skill level 1 in Shields
 11279 | Bailey   | Noticed a gargoyle
 11290 | Bailey   | Killed a gargoyle
 11452 | Bailey   | Mangled by a vampire

Illustrated notes

Levels and vault maps discovered:
D:1:      saegor_arrival_simple_b, layout_loops_cross,
          chequers_ecumenical_altar_twisty, grunt_decor_junction,
          nrook_mini_vaults
D:2:      layout_basic, uniq_crazy_yiuf_cottage
D:3:      cheibrodos_helix_gallery, layout_basic, lemuel_round_altar,
          gammafunk_ghost_arena
D:4:      layout_loops_corners, dk_yredelemnul_ordeal
D:5:      layout_layer_cave, chei_slow_surprise, zin_purify, old_standard_altar,
          led_sif_book
D:6:      layout_loops_ring, serial_shops, shop, shop, shop,
          nicolae_shop_waterfront, nicolae_shop_behind_doors, minivault_14
D:7:      layout_basic, nicolae_overflow_hidden_temple,
          minmay_temple_entry_nine_rooms, glass_columns_a, uniq_joseph
D:8:      layout_rooms, nicolae_gozag_cash_rules_everything_around_me,
          trog_three_pillars_becter, enter_bailey_1, minivault_10
Temple:   hc_temple_tempest_star
Bailey:   bailey_polearm_vampire_castle_hellmonk, bailey

Skill      XL: |  1  2  3  4  5  6  7  8  9 10 |
---------------+-------------------------------+-----
Spellcasting   | 3 4 6 7 8 |  8.6
Conjurations   | 5 6 8 |  8.0
Fighting       | 2 5 |  5.0
Armour         | 3 |  3.0
Dodging        | 3 |  3.0
Translocations | 2 3 |  3.0
Shields        | 1 |  1.6
Stealth        | |  2.0

Action                     |  1- 3 |  4- 6 |  7- 9 | 10-12 || total
---------------------------+-------+-------+-------+-------++-------
  Melee: Unarmed           |    22 |       |       |       ||    22
         Battleaxe         |     4 |     4 |   113 |     4 ||   125
  Throw: Throwing net      |       |       |       |     1 ||     1
   Cast: Magic Dart        |    75 |    51 |   178 |       ||   304
         Searing Ray       |       |     7 |    40 |    10 ||    57
         Iskenderun's Myst |       |       |     1 |    10 ||    11
  Evoke: Wand              |       |       |       |     6 ||     6
   Stab: Sleeping          |       |       |     2 |       ||     2
 Armour: Robe              |     8 |     3 |    74 |     6 ||    91
  Dodge: Dodged            |    19 |     5 |   167 |    14 ||   205
